Map: Thunderbird LE

Players

soO - Winner!

  • Race: Zerg Zerg
  • League: Master
  • Spawn Location: 11:00

Lambo

  • Race: Zerg Zerg
  • League: Grandmaster
  • Spawn Location: 5:00

Event: HomeStory Cup XX

VOD

Have the link to the VOD?

Description

Time

  • Played on: Nov. 22, 2019, 9:26 a.m.
  • Length: 7:14

All games in this series

Show
View Real Time Build Order
Export as new Build Order

soO Zerg - Winner!

Build Orders: Hatch First 

Get SALT Encoding   

  12  0:00  Drone  
  13  0:12  Overlord  
  13  0:16  Drone  
  14  0:30  Drone x2  
  16  0:47  Hatchery  
  15  0:50  Drone  
  15  0:54  Drone  
  17  0:57  Drone  
  18  1:08  Extractor  
  17  1:12  Spawning Pool  
  17  1:15  Drone  
  17  1:19  Drone  
  18  1:27  Drone  
  19  1:38  Drone  
  20  1:49  Overlord  
  20  1:59  Queen x2  
  20  2:00  Zergling x2, Drone  
  26  2:08  Metabolic Boost  
  26  2:10  Drone x2  
  28  2:21  Drone x2  
  30  2:32  Hatchery  
  30  2:34  Zergling x2  
  30  2:41  Drone  
  31  2:45  Drone  
  31  2:46  Overlord  
  32  2:58  Zergling x2  
  33  2:59  Zergling x2  
  33  3:05  Zergling x4  
  35  3:07  Zergling x12  
  41  3:17  Overlord  
  41  3:21  Drone  
  42  3:27  Baneling Nest  
  42  3:32  Drone, Overlord  
  42  3:38  Drone  
  42  3:39  Drone x2  
  42  3:40  Queen, Drone x2  
  49  3:44  Drone  
  50  3:48  Drone  
  50  3:52  Drone  
  43  4:04  Zergling x4  
  43  4:05  Drone x3  
  43  4:08  Zergling x2  
  43  4:09  Zergling x4  
  50  4:11  Zergling x2  
  50  4:16  Zergling x4  
  53  4:17  Zergling x4  
  53  4:20  Evolution Chamber  
  53  4:21  Zergling x4  
  53  4:23  Baneling  
  53  4:24  Baneling  
  56  4:25  Drone  
  56  4:27  Drone x2  
  59  4:33  Baneling x3  
  59  4:37  Overlord  
  59  4:41  Zergling x4  
  59  4:43  Zergling x6  
  59  4:44  Baneling  
  64  4:47  Zergling x4  
  64  4:48  Overlord  
  64  4:49  Overlord  
  64  4:50  Overlord  
  64  4:52  Overlord  
  66  4:56  Drone  
  66  4:57  Zerg Missile Weapons Level 1  
  66  4:58  Drone  
  68  5:00  Overlord  
  62  5:16  Drone x3  
  62  5:20  Zergling x4  
  65  5:21  Zergling x4  
  65  5:22  Zergling x2  
  65  5:25  Zergling x2  
  67  5:31  Zergling x14  
  67  5:35  Drone x2  
  72  5:38  Drone  
  72  5:43  Extractor x2  
  72  5:44  Roach Warren  
  68  5:55  Zergling x8  
  68  5:56  Zergling x4  
  69  6:11  Extractor  
  68  6:12  Extractor  
  68  6:14  Spine Crawler  
  63  6:20  Baneling x3  
  63  6:24  Roach x9  
  63  6:25  Spine Crawler  
  77  6:26  Zergling x4, Spine Crawler  
  77  6:29  Roach  
  77  6:32  Queen x2  
  86  6:33  Baneling x2  
  86  6:35  Roach  
  86  6:39  Zergling x6, Roach  
  89  6:41  Roach  
  89  6:43  Roach  
  89  6:44  Zergling x2  
  88  6:51  Roach x2  
  88  6:53  Roach  
Show
View Real Time Build Order
Export as new Build Order

Lambo Zerg 

Build Orders: Hatch First 

Get SALT Encoding   

  12  0:00  Drone  
  13  0:12  Overlord  
  13  0:16  Drone  
  14  0:31  Drone x2  
  16  0:47  Hatchery  
  15  0:50  Drone  
  15  0:54  Drone  
  15  0:57  Drone  
  18  1:07  Extractor  
  17  1:12  Spawning Pool  
  17  1:15  Drone  
  17  1:18  Drone  
  18  1:28  Drone  
  19  1:39  Drone  
  20  1:49  Drone  
  21  1:59  Zergling x2, Queen x2  
  21  2:00  Overlord  
  26  2:09  Drone  
  26  2:11  Drone  
  26  2:12  Metabolic Boost  
  28  2:20  Drone  
  28  2:22  Drone  
  30  2:32  Hatchery  
  30  2:35  Drone  
  30  2:40  Zergling x2  
  30  2:43  Drone  
  32  2:50  Drone, Baneling Nest  
  32  2:54  Overlord  
  32  2:57  Zergling x2  
  33  3:03  Drone  
  34  3:06  Drone  
  34  3:09  Drone  
  34  3:11  Overlord  
  35  3:15  Drone x4  
  39  3:22  Queen  
  42  3:27  Zergling x2  
  42  3:28  Zergling x2  
  42  3:29  Evolution Chamber  
  42  3:32  Zergling x2  
  42  3:34  Baneling x3  
  43  3:35  Zergling x2  
  43  3:38  Baneling  
  43  3:39  Zergling x2  
  45  3:43  Zergling x6  
  45  3:44  Drone  
  49  3:50  Zergling x4  
  49  3:51  Zergling x2  
  49  4:05  Drone x4  
  49  4:06  Drone  
  49  4:09  Drone  
  55  4:14  Zerg Missile Weapons Level 1  
  55  4:17  Drone x2  
  55  4:20  Roach Warren  
  55  4:21  Drone  
  57  4:26  Extractor, Drone  
  57  4:27  Extractor  
  57  4:28  Drone  
  57  4:29  Drone  
  56  4:36  Drone, Overlord  
  56  4:37  Overlord  
  57  4:55  Drone x2  
  57  4:56  Baneling  
  57  4:57  Drone x7  
  65  5:00  Roach x2  
  65  5:02  Baneling  
  65  5:07  Roach  
  70  5:08  Roach x2  
  70  5:10  Roach x2  
  73  5:14  Overlord  
  73  5:19  Roach x2  
  62  5:24  Roach  
  64  5:29  Zergling x12  
  64  5:30  Roach  
  65  5:41  Roach  
  64  5:56  Zergling x16  
  67  6:03  Drone x2  
  69  6:09  Baneling x2  
  69  6:10  Baneling x2  
  69  6:11  Zergling x4  
  71  6:15  Zergling x2  
  69  6:20  Zergling x4  
  69  6:23  Zergling x2  
  72  6:34  Zergling x8  
  72  6:38  Baneling x3  
  75  6:40  Zergling x2  
  75  6:42  Zergling x2  
  73  6:50  Baneling x7  
Tags
 
Add a new tag
Caveats
  • Supply blocks, unpowered buildings, or Contaminate may cause inaccurate times.
  • Supply counts are checked every 10 seconds.